 Dungeon Crawl Stone Soup version 0.31.0-11-ge490571c62 (webtiles) character file.

Game seed: 14183496436662313183

2657 Peloso the Carver (level 9, -2/77 HPs)
             Began as a Minotaur Fighter on Feb 10, 2024.
             Was a Priest of Okawaru.
             Killed from afar by an electric eel (9 damage)
             ... with a bolt of electricity
             ... on level 7 of the Dungeon.
             The game lasted 00:11:45 (6417 turns).

Peloso the Carver (Minotaur Fighter)                Turns: 6417, Time: 00:11:45

Health: -2/77      AC: 14    Str: 22    XL:     9   Next: 36%
Magic:  8/8        EV:  9    Int:  5    God:    Okawaru [***...]
Gold:   358        SH:  5    Dex: 13    Spells: 8/8 levels left

rFire   . . .        a - +0 long sword
rCold   . . .        d - +0 buckler
rNeg    . . .        x - +0 chain mail
rPois   +            l - +2 hat
rElec   .            c - +0 cloak
rCorr   .            (no gloves)
SInv    .            (no boots)
Will    .....        (no amulet) Stlth
                     q - ring of flight
HPRegen 0.32/turn    A - ring of poison resistance
MPRegen 0.11/turn

%: no passive effects
@: flying
A: horns 2, retaliatory headbutt
a: Renounce Religion, Heroism


You were on level 7 of the Dungeon.
You worshipped Okawaru.
Okawaru was most pleased with you.
You visited 2 branches of the dungeon, and saw 8 of its levels.

You collected 382 gold pieces.
You spent 24 gold pieces at shops.

Inventory:

Hand Weapons
 a - a +0 long sword (weapon)
Armour
 b - a +0 scale mail
 c - a +0 cloak (worn)
 d - a +0 buckler (worn)
 l - a +2 hat (worn)
 x - a +0 chain mail (worn)
Jewellery
 e - an amulet of faith
 q - a ring of flight (left hand)
 s - a ring of wizardry
 A - a ring of poison resistance (right hand)
Wands
 y - a wand of roots (20)
 C - a wand of quicksilver (7)
 H - a wand of polymorph (12)
 K - a wand of digging (5)
Scrolls
 f - a scroll of identify
 g - a scroll of fear
 h - 2 scrolls of teleportation
 i - a scroll of immolation {unknown}
 j - 2 scrolls of silence {unknown}
 k - 2 scrolls of amnesia
 n - a scroll of summoning
 o - a scroll of fog
 p - a scroll of acquirement {unknown}
 t - a scroll of torment {unknown}
 z - a scroll of enchant weapon {unknown}
 D - a scroll of enchant armour {unknown}
 E - a scroll of revelation
 G - a scroll of blinking {unknown}
Potions
 m - a potion of enlightenment
 r - 4 potions of curing
 u - a potion of resistance {unknown}
 v - 2 potions of attraction
 w - 2 potions of might
 B - 3 potions of haste
 F - a potion of cancellation
 I - a potion of heal wounds {unknown}
 J - a potion of lignification


   Skills:
 + Level 6.3 Fighting
 + Level 10.6 Long Blades
 + Level 8.5 Armour
 + Level 3.6 Dodging
 + Level 1.4 Stealth
 + Level 5.6 Shields


You had 8 spell levels left.
You didn't know any spells.
Your spell library contained the following spells:

 Spells                   Type           Power      Damage    Failure   Level
 Jinxbite                 Hex            0%         N/A       99%         2
 Lesser Beckoning         Tloc           0%         N/A       99%         2
 Sublimation of Blood     Necr           0%         N/A       99%         2
 Gell's Gravitas          Tloc           0%         N/A       100%        3
 Teleport Other           Tloc           0%         N/A       100%        3
 Yara's Violent Unravell  Hex/Alch       0%         3d3       100%        5
 Enfeeble                 Hex            0%         N/A       100%        7
 Call Imp                 Summ           Unusable   N/A       N/A         2
 Summon Hydra             Summ           Unusable   N/A       N/A         7

Dungeon Overview and Level Annotations

Branches:
Dungeon (7/15)             Temple (1/1) D:6

Altars:
Ashenzari
Cheibriados
Elyvilon
Fedhas
Gozag
Hepliaklqana
Makhleb
Nemelex Xobeh
Okawaru
Qazlal
Ru
Sif Muna
Trog
Uskayaw
Vehumet
Wu Jian
Xom
Yredelemnul
Zin
The Shining One

Shops:
D:1 =   D:2 *


Innate Abilities, Weirdness & Mutations

You have a pair of horns on your head.
You reflexively headbutt those who attack you in melee.


Message History

The ufetubus barely misses you.
You hit the ufetubus. You headbutt the ufetubus!
You kill the ufetubus!
Okawaru accepts your kill.
J - a potion of lignification
K - a wand of digging (5)
You now have 358 gold pieces (gained 14).
Found a stone staircase leading down.
An electric eel comes into view.
The electric eel shoots out a bolt of lightning at you!
The bolt of electricity hits you.
An electric eel is nearby!
An electric eel is nearby!
The electric eel shoots out a bolt of lightning at you!
The bolt of electricity hits you!
The electric eel shoots out a bolt of lightning at you!
The bolt of electricity hits you! The bolt of electricity hits you.
You barely miss the electric eel. You headbutt the electric eel.
The electric eel is lightly wounded.
The electric eel shoots out a bolt of lightning at you!
The bolt of electricity hits you! x2
You hit the electric eel.
The electric eel is moderately wounded.
The electric eel shoots out a bolt of lightning at you!
The bolt of electricity hits you.
The bolt of electricity hits you but does no damage.
You slash the electric eel! Your headbutt misses the electric eel.
The electric eel is almost dead.
The electric eel shoots out a bolt of lightning at you!
The bolt of electricity hits you.
* * * LOW HITPOINT WARNING * * *
The bolt of electricity hits you!
* * * LOW HITPOINT WARNING * * *
You closely miss the electric eel.
The electric eel is almost dead.
The electric eel shoots out a bolt of lightning at you!
The bolt of electricity hits you.
* * * LOW HITPOINT WARNING * * *
The bolt of electricity hits you!
You die...

#≈# #≈# #≈# #≈# #≈# #≈#
##S# ##≈@# ##≈≈##
######≈≈############
≈≈≈≈≈≈≈......>.....#######
..........########........
........#..............###
#######...############....
##### #####


You could see an electric eel.

Vanquished Creatures
  Pikel (D:7)
  A steam dragon (D:6)
  2 water moccasins
  2 ice beasts
  A black bear (D:4)
  2 ogres
  A lemure (D:7)
  A phantom (D:6)
  A bullfrog (D:7)
  A scorpion (D:6)
  3 wights (D:6)
  5 jellies
  4 hounds
  5 orc priests
  2 sleepcaps
  An iguana (D:6)
  11 orc wizards
  8 adders
  6 gnolls (D:4)
  A shadow imp (D:7)
  2 white imps
  2 ufetubi (D:7)
  A dart slug (D:1)
  3 ribbon worms (D:2)
  24 orcs
  7 bats
  4 endoplasms
  3 giant cockroaches
  7 goblins
  4 hobgoblins
  7 jackals
  4 kobolds
  4 quokkas
  4 ball pythons
  A frilled lizard (D:1)
  3 rats
139 creatures vanquished.

Notes
Turn   | Place    | Note
-------+----------+-------------------------------------------
     0 | D:1      | Peloso the Minotaur Fighter began the quest for the Orb.
     0 | D:1      | Reached XP level 1. HP: 19/19 MP: 0/0
    88 | D:1      | Reached XP level 2. HP: 27/27 MP: 1/1
   114 | D:1      | Found Wazusm's Jewellery Shoppe.
   970 | D:2      | Found Duixis's Assorted Antiques.
   978 | D:2      | Bought a scroll labelled ODAAMO QELAI for 24 gold pieces
   991 | D:2      | Reached XP level 3. HP: 32/33 MP: 2/2
  1452 | D:2      | Found a burning altar of Makhleb.
  1868 | D:3      | Reached skill level 3 in Long Blades
  2170 | D:3      | Reached XP level 4. HP: 23/40 MP: 3/3
  2171 | D:3      | Reached skill level 5 in Armour
  2361 | D:4      | Reached XP level 5. HP: 32/46 MP: 4/4
  2364 | D:4      | Reached skill level 1 in Dodging
  3080 | D:4      | Noticed a black bear
  3103 | D:4      | Killed a black bear
  3104 | D:4      | Reached skill level 4 in Long Blades
  3131 | D:4      | Reached XP level 6. HP: 47/53 MP: 5/5
  3343 | D:4      | Reached skill level 5 in Long Blades
  3904 | D:5      | Entered Level 5 of the Dungeon
  3936 | D:5      | Reached XP level 7. HP: 31/60 MP: 6/6
  3975 | D:5      | Reached skill level 5 in Fighting
  4155 | D:5      | Reached skill level 6 in Long Blades
  4548 | D:6      | Found a staircase to the Ecumenical Temple.
  4655 | Temple   | Entered the Ecumenical Temple
  4664 | Temple   | Became a worshipper of Warmaster Okawaru
  4908 | D:6      | Reached skill level 7 in Long Blades
  5073 | D:6      | Reached * piety under Okawaru
  5074 | D:6      | Reached XP level 8. HP: 69/69 MP: 7/7
  5080 | D:6      | Found an opulent altar of Gozag.
  5110 | D:6      | Reached skill level 5 in Shields
  5303 | D:6      | Reached skill level 8 in Long Blades
  5342 | D:6      | Reached skill level 1 in Stealth
  5636 | D:6      | Reached skill level 9 in Long Blades
  5713 | D:6      | Reached ** piety under Okawaru
  6032 | D:7      | Reached XP level 9. HP: 70/75 MP: 8/8
  6087 | D:7      | Noticed Pikel
  6118 | D:7      | Killed Pikel
  6119 | D:7      | Reached skill level 10 in Long Blades
  6347 | D:7      | Reached *** piety under Okawaru
  6417 | D:7      | Killed from afar by an electric eel

Illustrated notes

Levels and vault maps discovered:
D:1:      minmay_arrival_diagonal_passages, layout_basic, serial_shops, shop,
          minmay_misc_feat_tiny
D:2:      layout_basic, basic_altar, serial_shops, shop_statue,
          kennysheep_pointless_box
D:3:      layout_rooms, serial_glass, glass_columns_b, glass_columns_c
D:4:      layout_loops_ring, amethyst_killhole
D:5:      layout_rooms, grunt_decor_clamped
D:6:      layout_loops_cross, mainiacjoe_overflow_concentric_impassable,
          minmay_temple_entry_poolview
D:7:      minmay_octagon_keep, layout_loops_ring, water_maze_lemuel, uniq_pikel
Temple:   compressed_dpeg_triangle_lava_temple

Skill      XL: |  1  2  3  4  5  6  7  8  9 |
---------------+----------------------------+-----
Fighting       | 4 5 6 |  6.3
Armour         | 4 5 6 7 8 |  8.5
Shields        | 4 5 |  5.6
Long Blades    | 3 4 5 7 9 10 | 10.6
Dodging        | 1 2 3 |  3.6
Stealth        | 1 |  1.4

Action                     |  1- 3 |  4- 6 |  7- 9 || total
---------------------------+-------+-------+-------++-------
  Melee: Long sword        |    96 |   124 |   262 ||   482
         Headbutt          |    16 |    27 |    49 ||    92
    Use: Potion            |     3 |       |       ||     3
         Scroll            |     5 |     2 |     7 ||    14
 Armour: Scale mail        |    79 |    42 |       ||   121
         Chain mail        |       |    71 |   220 ||   291
  Dodge: Dodged            |    55 |    53 |   102 ||   210
  Block: Buckler           |    17 |    28 |    49 ||    94
